AoeStats
← Cikolko.kenobi

Nomad

508183394Analyzed
2v2 RM · 10d ago on Sep 21, 2026· 42m 57s· 4 players
Game mode
Random Map
Map size
176×176
Population
200
Speed
Normal
Resources
Standard
Victory
Conquest
Starting age
Dark Age
Ending age
Imperial Age
RankedLock teamsTeams togetherTeam positionsShared explorationLock speedFull tech treeHidden civsTurbo modeCheats
Victory
Defeat
🇨🇿 Dravidians · Czechia
1038
+14
🇸🇰 Italians · Slovakia
1038
+14
🇷🇺 Bulgarians · Russia
1004
-14
🇦🇲 Huns · Armenia
991
-14
Abraham
14:21 Feudal Age
14:55 Double-Bit Axe
15:48 Horse Collar
25:45 Castle Age
24:26 Gold Mining
25:30 Fletching
26:22 Bodkin Arrow
26:51 Padded Archer Armor
29:00 Forging
30:03 Iron Casting
30:30 Leather Archer Armor
31:22 Thumb Ring
31:42 Scale Barding Armor
32:51 Chain Barding Armor
38:18 Imperial Age
38:43 Husbandry
38:55 Bloodlines
유독한 사람
12:39 Loom
15:22 Feudal Age
Cikolko.kenobi
4:42 Loom
13:08 Feudal Age
15:04 Fletching
21:16 Castle Age
20:04 Double-Bit Axe
25:15 Bow Saw
25:43 Wheelbarrow
27:00 Town Watch
29:04 Stone Mining
30:29 Gold Mining
30:47 Padded Archer Armor
31:48 Ballistics
31:35 Bodkin Arrow
33:12 Leather Archer Armor
34:37 Thumb Ring
36:47 Murder Holes
37:04 Masonry
39:36 Imperial Age
38:07 Horse Collar
38:40 Masonry
41:31 Chemistry
40:34 Bracer
41:31 Ring Archer Armor
41:28 Conscription
42:07 Conscription
42:51 Stone Shaft Mining
obivan.kenobi
4:29 Loom
13:16 Feudal Age
13:35 Man-at-Arms
15:43 Scale Mail Armor
18:20 Horse Collar
18:32 Double-Bit Axe
22:56 Castle Age
25:25 Long Swordsman
26:23 Chain Mail Armor
26:22 Gambesons
29:26 Arson
32:26 Squires
31:47 Pikeman
37:06 Medical Corps
38:44 Wheelbarrow
38:53 Bow Saw
38:49 Heavy Plow
39:56 Husbandry
39:16 Light Cavalry
40:22 Town Watch
43:18 Imperial Age
43:25 Scale Barding Armor
Connection lost

Rejoining the realm…

Still unreachable

The connection could not be restored.

Session expired

The server has moved on; the page needs a fresh start.